 Dungeon Crawl Stone Soup version 0.30.0 (webtiles) character file.

Game seed: 3883389381019461424

336 workbot the Magician (level 6, -2/64 HPs)
             Began as a Djinni Conjurer on May 6, 2023.
             Was an Initiate of Qazlal.
             Slain by Edmund
             ... wielding a +1 dire flail of draining
              (10 damage)
             ... on level 4 of the Dungeon.
             The game lasted 00:15:23 (3666 turns).

workbot the Magician (Djinni Conjurer)              Turns: 3666, Time: 00:15:24

Health: -2/64      AC: 23    Str:  6    XL:     6   Next: 84%
Gold:   234        EV:  2    Int: 22    God:    Qazlal [......] SH:  0 Dex: 11

rFire   . . .        j - +0 dagger
rCold   . . .        (no shield)
rNeg    . . .        a - melded +2 robe
rPois   ∞            (helmet currently unavailable)
rElec   .            (cloak currently unavailable)
rCorr   +            (gloves currently unavailable)
SInv    .            (boots unavailable)
Will    .....        (no amulet)
Stlth   ++           k - ring of resist corrosion
HPRegen 0.30/turn    (no ring)
MPRegen 0.00/turn

%: infuse magic (-3 HP)
@: tree-form
A: stationary, stasis, torment immunity, boosted hp, sickness immunity, (fire
resistance 2), (cold vulnerability 1), float, innate caster, HP casting, extra
vitality 1
a: Renounce Religion


You were on level 4 of the Dungeon.
You worshipped Qazlal.
Qazlal was noncommittal.
You were a tree.
You visited 1 branch of the dungeon, and saw 4 of its levels.

You collected 234 gold pieces.

Inventory:

Hand Weapons
 j - a +0 dagger (weapon)
Armour
 a - a +2 robe (melded)
Jewellery
 k - a ring of resist corrosion (left branch)
Scrolls
 f - 2 scrolls of enchant weapon
 h - a scroll of teleportation
Potions
 c - 2 potions of brilliance {unknown}
 d - 3 potions of might
 e - a potion of haste {unknown}
 g - a potion of ambrosia {unknown}
 i - a potion of mutation {unknown}


   Skills:
 + Level 2.1 Fighting
 - Level 2.1 Dodging
 - Level 1.5 Stealth
 * Level 5.6 Spellcasting


You knew the following spells:

 Your Spells              Type           Power      Damage    Failure   Level
a - Magic Dart            Conj           100%       1d8       1%          1
b - Searing Ray           Conj           62%        2d6       1%          2
c - Dazzling Flash        Conj/Hex       62%        N/A       2%          3
d - Fulminant Prism       Conj/Hex       15%        3d10      9%          4
e - Iskenderun's Mystic   Conj/Tloc      31%        2d8       9%          4
f - Foxfire               Conj/Fire      100%       2x1d9     1%          1
g - Momentum Strike       Conj/Tloc      62%        3d9       1%          2
Your spell library was empty.

Dungeon Overview and Level Annotations

Branches:
Dungeon (4/15)
 Temple: D:4-7

Altars:
Fedhas
Qazlal
Uskayaw

Shops:
D:3 *

Annotations:
D:3 3 runed translucent doors, KittyFluff's ghost, amateur GrBe; SeerSkye's ghost, amateur TeHu; TrollFarmer's ghost, weakling SpEn; wallyj24's ghost, amateur GnFi
D:4 1 runed translucent door, Crazy Yiuf; Edmund


Innate Abilities, Weirdness & Mutations

You are a tree.
Your roots penetrate the ground, keeping you stationary.
You cannot be teleported.
You are immune to unholy pain and torment.
Your maximum health is greatly increased.
Your equipment is partially melded.
You are immune to sickness and miasma.
You are immune to poison.
((Your flesh is very heat resistant. (rF++)))
((You are vulnerable to cold. (rC-)))
You float through the air rather than walking.
You learn spells naturally, not from books.
Your magical power is your life essence.
You have superior vitality. (+4 MHP)


Message History

The searing ray hits Edmund!
Edmund is moderately wounded.
You are no longer robbed of momentum.
Edmund barely misses you.
The searing ray hits Edmund.
Edmund is moderately wounded.
Edmund misses you.
The searing ray hits Edmund.
Edmund is moderately wounded.
You finish channelling your searing ray.
Edmund hits you with a +1 dire flail of draining!
* * * LOW HITPOINT WARNING * * *
As you read the scroll of teleportation, it crumbles to dust.
You feel strangely unstable. Edmund misses you.
It was a potion of lignification.
You turn into a tree.
Your +2 robe melds into your body.
Your roots penetrate the ground.
You feel strangely stable. Edmund hits you but does no damage.
Casting: Searing Ray (safe; 1% risk of failure)
Confirm with . or Enter, or press ? or * to list all spells.
Aiming: Searing Ray (safe; 1% risk of failure)
Press: ? - help, Shift-Dir - straight line The searing ray misses Edmund. (Press . to maintain the ray.)
* * * LOW HITPOINT WARNING * * *
Edmund hits you but does no damage.
The searing ray hits Edmund.
Edmund is heavily wounded.
* * * LOW HITPOINT WARNING * * *
Edmund hits you but does no damage.
The searing ray hits Edmund.
Edmund is heavily wounded.
* * * LOW HITPOINT WARNING * * *
Edmund hits you but does no damage.
Your magical contamination has completely faded away.
The searing ray hits Edmund.
Edmund is severely wounded.
* * * LOW HITPOINT WARNING * * *
You finish channelling your searing ray.
Edmund hits you with a +1 dire flail of draining!
You die...

#.######...........#.........###
##.# #####...#....#....##..##
#..# #........##.......##..#
..## #........##.###...#..## .##
#..#)##.....# #.....## ##
#..#..#....## ###..## #.
#.[#..### #.##
#..####..######.... ##
........@♣....... )#
..........###.### .# ..!......##
.# .#.#####.. ## .( .... .
#<.### .... #....


You could see Edmund.

Vanquished Creatures
  2 phantoms (D:4)
  A scorpion (D:3)
  5 adders
  4 worms
  4 dart slugs
  An orc (D:4)
  7 endoplasms
  2 giant cockroaches
  7 goblins
  5 hobgoblins
  3 jackals (D:4)
  5 quokkas
  6 ball pythons
  5 bats
  7 frilled lizards
  A kobold (D:3)
  4 rats (D:1)
69 creatures vanquished.

Vanquished Creatures (others)
  6 foxfires
  2 withered plants (D:3)
8 creatures vanquished.

Grand Total: 77 creatures vanquished

Notes
Turn   | Place    | Note
-------+----------+-------------------------------------------
     0 | D:1      | workbot the Djinni Conjurer began the quest for the Orb.
     0 | D:1      | workbot set off with the following spells memorised: Magic
                  | Dart, Searing Ray, Dazzling Flash, Fulminant Prism,
                  | Iskenderun's Mystic Blast.
     0 | D:1      | Reached XP level 1. HP: 15/15 MP: 0/0
    65 | D:1      | Reached XP level 2. HP: 20/21 MP: 0/0
   379 | D:1      | Reached XP level 3. HP: 24/25 MP: 0/0
   379 | D:1      | Learned a level 1 spell: Foxfire
   623 | D:1      | Reached skill level 4 in Spellcasting
  1203 | D:2      | Reached XP level 4. HP: 25/31 MP: 0/0
  1416 | D:2      | Found a blossoming altar of Fedhas.
  2301 | D:3      | Noticed a scorpion
  2313 | D:3      | Killed a scorpion
  2314 | D:3      | Reached XP level 5. HP: 13/35 MP: 0/0
  2314 | D:3      | Learned a level 2 spell: Momentum Strike
  2433 | D:3      | Found a runed translucent gate.
  2433 | D:3      | Found a runed translucent gate.
  2433 | D:3      | Found a runed translucent gate.
  2434 | D:3      | Noticed SeerSkye's ghost (amateur TeHu)
  2434 | D:3      | Noticed wallyj24's ghost (amateur GnFi)
  2435 | D:3      | Noticed TrollFarmer's ghost (weakling SpEn)
  2435 | D:3      | Noticed KittyFluff's ghost (amateur GrBe)
  2471 | D:3      | Found a hide-covered altar of Uskayaw.
  2755 | D:3      | Reached skill level 5 in Spellcasting
  2758 | D:3      | Found Vooso's General Store.
  3390 | D:4      | Noticed a phantom
  3399 | D:4      | Killed a phantom
  3400 | D:4      | Reached skill level 1 in Fighting
  3400 | D:4      | Reached XP level 6. HP: 28/42 MP: 0/0
  3454 | D:4      | Found a stormy altar of Qazlal.
  3472 | D:4      | Became a worshipper of Qazlal Stormbringer
  3548 | D:4      | Found a runed translucent door.
  3549 | D:4      | Noticed Crazy Yiuf
  3646 | D:4      | Noticed Edmund
  3666 | D:4      | Slain by Edmund

Illustrated notes

Levels and vault maps discovered:
D:1:      lemuel_arrival_cross, layout_loops_ring
D:2:      layout_basic, basic_altar
D:3:      layout_basic, mainiacjoe_overflow_alcove_4, serial_shops, shop,
          gammafunk_ghost_cemetery
D:4:      layout_rooms, grunt_qazlal_sundering, minmay_temple_entry_mini_moons,
          corexii_shack, minmay_box_of_dots, uniq_edmund, uniq_eustachio,
          uniq_crazy_yiuf_cottage

Skill      XL: |  1  2  3  4  5  6 |
---------------+-------------------+-----
Spellcasting   | 4 5 |  5.6
Fighting       | 1 2 |  2.1
Dodging        | |  2.1
Stealth        | |  1.5

Action                     |  1- 3 |  4- 6 || total
---------------------------+-------+-------++-------
  Melee: Club              |     4 |       ||     4
   Cast: Magic Dart        |    63 |    72 ||   135
         Searing Ray       |     1 |     7 ||     8
         Foxfire           |     2 |     4 ||     6
         Dazzling Flash    |       |     3 ||     3
         Momentum Strike   |       |     5 ||     5
    Use: Scroll            |     3 |     9 ||    12
         Potion            |     1 |     2 ||     3
 Armour: Robe              |     2 |     7 ||     9
         Skin              |       |     4 ||     4
  Dodge: Dodged            |    11 |    25 ||    36
